 Dungeon Crawl Stone Soup version 0.14-a0-1876-g927fc3a (webtiles) character file.

287 Kae the Ruffian (level 5, 0/40 HPs)
             Began as a Draconian Transmuter on Jan 14, 2014.
             Slain by an orc
             ... wielding a +0,+0 orcish flail
              (6 damage)
             ... on Level 3 of the Dungeon.
             The game lasted 00:03:50 (2140 turns).

Kae the Ruffian (Draconian Transmuter)              Turns: 2140, Time: 00:03:50

HP   0/40        AC  6     Str 13      XL: 5   Next: 16%
MP   9/9         EV 12     Int 13      God:
Gold 129         SH  0     Dex 12      Spells:  1 memorised,  7 levels left

rFire  . . .     SeeInvis .       - Unarmed
rCold  . . .     Clarity  .     (armour unavailable)
rNeg   . . .     Conserve .     (no shield)
rPois  .         rCorr    .     (helmet restricted)
rElec  .         rRot     .     (no cloak)
SustAb . .       Spirit   .     (no gloves)
rMut   .         Warding  .     h - +0 pair of elf boots (curse)
Saprov . . .     RndTele  +     (no amulet)
MR     .....                    j - ring of wizardry
                                e - cursed ring of teleportation

@: not resistant to hostile enchantments, unstealthy
A: unfitting armour, AC +5
a: Evoke Teleportation


You were on level 3 of the Dungeon.
You were very hungry.

You visited 1 branch of the dungeon, and saw 3 of its levels.

You collected 129 gold pieces.

Inventory:

Missiles
 b - 80 arrows
Armour
 h - a cursed +0 pair of elven boots (worn)
Comestibles
 a - a bread ration
 l - a meat ration
Scrolls
 k - a scroll of identify
 m - 2 scrolls of remove curse {unknown}
 n - 2 scrolls of magic mapping {unknown}
 o - a scroll of curse jewellery {unknown}
Jewellery
 e - a cursed ring of teleportation (left hand)
 g - an uncursed ring of protection from cold {unknown}
 j - a ring of wizardry (right hand)
Potions
 c - 4 potions of curing
 i - a potion of resistance {unknown}
Books
 d - a book of Changes

   Spells                             Type                      Level
   *Beastly Appendage                 Transmutation                1
   Sticks to Snakes                   Transmutation                2
   Spider Form                        Transmutation/Poison         3
   Ice Form                           Ice/Transmutation            4
   Blade Hands                        Transmutation                5


   Skills:
 - Level 1.1 Fighting
 - Level 1.7 Dodging
 * Level 5.0 Unarmed Combat
 - Level 2.0 Spellcasting
 + Level 3.6 Transmutations


You had 7 spell levels left.
You knew the following spells:

 Your Spells              Type           Power        Failure   Level  Hunger
a - Beastly Appendage     Trmt           ##....       3%          1    ##.....


Dungeon Overview and Level Annotations

Branches:
Dungeon (3/16)

Altars:

Annotations:
D:2 Sigmund, Terence


Message History

You feel better. The adder barely misses you.
You hit the adder. Your punch misses the adder.
The adder is almost dead.
Your horns disappear.
The adder bites you.
* * * LOW HITPOINT WARNING * * *
The orc closely misses you. The adder closely misses you.
You punch the adder!
You kill the adder!
Your Unarmed Combat skill increases to level 5!
The orc misses you.
You hit the orc.
The orc is moderately wounded.
The orc closely misses you.
You hit the orc but do no damage. You tail-slap the orc.
The orc is almost dead.
You barely miss the orc.
The orc is almost dead.
The orc hits you with an orcish flail.
You die...

#.# #.# . #.# ..
.. #.# .# ..
#.#.. .# ##.#. >
... ... ..# .# ..
#%# ..# ## ...
#@# #.#
#....##o### #.#
#........###.####
#........##.....#
#...............#
#........##)....#
.
###########)....#
..
#########.....#
..
#........#'####


You could see an orc.

Vanquished Creatures
  Jessica (D:2)
  7 adders
  2 worms (D:2)
  4 giant geckos (D:1)
  An ooze (D:2)
  6 orcs (D:3)
  A ball python (D:1)
  3 giant cockroaches (D:1)
  4 goblins
  7 hobgoblins (D:1)
  A quokka (D:3)
  8 bats
  A giant newt (D:2)
  5 kobolds
  5 rats
56 creatures vanquished.

Notes
Turn   | Place    | Note
--------------------------------------------------------------
     0 | D:1      | Kae, the Draconian Transmuter, began the quest for the Orb.
     0 | D:1      | Reached XP level 1. HP: 16/16 MP: 3/3
   233 | D:1      | Reached XP level 2. HP: 15/23 MP: 4/4
   805 | D:1      | Reached XP level 3. HP: 4/28 MP: 4/6
  1390 | D:2      | Reached skill level 4 in Unarmed Combat
  1538 | D:2      | Noticed Jessica
  1558 | D:2      | Killed Jessica
  1558 | D:2      | Reached XP level 4. HP: 26/35 MP: 7/7
  1618 | D:2      | Noticed Terence
  1714 | D:2      | Noticed Sigmund
  2012 | D:3      | Reached XP level 5. HP: 29/40 MP: 7/9
  2134 | D:3      | HP: 2/40 [orc/orcish flail (4)]
  2137 | D:3      | Reached skill level 5 in Unarmed Combat
  2140 | D:3      | Slain by an orc

Action                   |  1- 3 |  4- 6 || total
-------------------------+-------+-------++-------
Melee: Unarmed           |   149 |    93 ||   242
 Cast: Beastly Appendage |    18 |    10 ||    28
  Use: Scroll            |     3 |       ||     3
       Potion            |       |     1 ||     1
 Stab: Sleeping          |       |     2 ||     2
